 Dungeon Crawl Stone Soup version 0.31-a0-836-g3ceb0a68c4 (webtiles) character file.

Game seed: 6436080597638545270

1585 IdlyInterested the Slicer (level 8, -2/56 HPs)
             Began as a Demonspawn Gladiator on Sept 26, 2023.
             Succumbed to their own poison gas
             ... on level 6 of the Dungeon.
             The game lasted 00:21:02 (5103 turns).

IdlyInterested the Slicer (Demonspawn Gladiator)    Turns: 5103, Time: 00:21:03

Health: -2/56      AC:  8    Str: 14    XL:     8   Next: 61%
Magic:  9/18       EV: 12    Int: 13    God:
Gold:   15         SH:  6    Dex: 20    Spells: 9/9 levels left

rFire   + . .        k - +2 dagger (speed)
rCold   . . .        j - +0 buckler
rNeg    . . .        v - +1 leather armour of the Shining Light {MP+9}
rPois   .            c - +0 helmet
rElec   .            (no cloak)
rCorr   .            u - +0 pair of gloves
SInv    .            (no boots)
Will    .....        (no amulet)
Stlth   ++           p - +6 ring of dexterity
HPRegen 0.29/turn    z - ring of protection from fire
MPRegen 0.32/turn

%: guardian spirit
@: lethally poisoned (-2 -> -20)
A: hooves 1, yellow scales 1, powered by death 2, magic shield, magic
regeneration
a: no special abilities


You were on level 6 of the Dungeon.
You visited 2 branches of the dungeon, and saw 7 of its levels.

You collected 219 gold pieces.
You spent 204 gold pieces at shops.

Inventory:

Hand Weapons
 a - a +0 rapier
 k - a +2 dagger of speed (weapon)
 l - a +0 long sword
Missiles
 d - 4 throwing nets
 e - 4 javelins
 h - 20 stones (quivered)
Armour
 c - a +0 helmet (worn)
 j - a +0 buckler (worn)
 u - a +0 pair of gloves (worn)
 v - the +1 leather armour of the Shining Light (worn) {MP+9}
   (You found it on level 2 of the Dungeon)

   MP+9:      It affects your magic capacity (+9).
 x - a +2 ring mail of fire resistance
Jewellery
 p - a +6 ring of dexterity (left hand)
 z - a ring of protection from fire (right hand)
Wands
 y - a wand of mindburst (3)
 B - a wand of polymorph (8)
Scrolls
 b - 3 scrolls of immolation
 g - 2 scrolls of silence
 n - a scroll of fog
 q - 5 scrolls of vulnerability
 r - 2 scrolls of enchant armour
 t - a scroll of blinking
Potions
 i - 3 potions of brilliance
 o - a potion of haste {unknown}
 s - a potion of cancellation {unknown}
 w - a potion of mutation {unknown}
 A - a potion of magic
 C - a potion of enlightenment {unknown}


   Skills:
 + Level 2.3 Fighting
 * Level 8.7 Short Blades
 - Level 2.0 Throwing
 - Level 1.0 Armour
 - Level 3.0 Dodging
 - Level 1.0 Stealth
 - Level 4.0 Shields
 - Level 1.0 Spellcasting
 - Level 1.0 Invocations
 - Level 1.0 Evocations
 - Level 1.0 Shapeshifting


You had 9 spell levels left.
You didn't know any spells.
Your spell library contained the following spells:

 Spells                   Type           Power      Damage    Failure   Level
 Inner Flame              Hex/Fire       0%         N/A       80%         3
 Flame Wave               Conj/Fire      0%         2d4       99%         4
 Sticky Flame             Conj/Fire      0%         2d3       99%         4


Dungeon Overview and Level Annotations

Branches:
Dungeon (6/15)             Temple (1/1) D:4

Altars:
Ashenzari
Cheibriados
Dithmenos
Fedhas
Gozag
Hepliaklqana
Makhleb
Nemelex Xobeh
Okawaru
Ru
Sif Muna
Vehumet
Wu Jian
Yredelemnul

Shops:
D:1 ?(


Innate Abilities, Weirdness & Mutations

You have large cloven feet.
You are partially covered in yellow scales. (AC +2)
You regenerate health from kills.
When hurt, damage is shared between your health and your magic reserves.
You regenerate magic rapidly.


Message History

You throw a stone. The stone closely misses the orc.
You are engulfed in blazing flames.
You resist.
Throw: 22 stones
Press: ? - help, Q - select action, (/) - cycle Shift-Dir - straight line, f/p - orc
Aim: an orc, wielding a +0 hand axe (inner flame, 62% to hit)
You throw a stone. The stone closely misses the orc.
You are engulfed in blazing flames.
You resist.
Throw: 21 stones
Press: ? - help, Q - select action, (/) - cycle Shift-Dir - straight line, f/p - orc
Aim: an orc, wielding a +0 hand axe (inner flame, 62% to hit)
You throw a stone. The stone hits the orc.
Flame seeps out of the orc.
The orc is lightly wounded.
You are engulfed in blazing flames.
You resist.
The orc is engulfed in blazing flames.
The orc explodes!
The fiery explosion engulfs the orc!!
You kill the orc!
The fiery explosion engulfs the orc!!
The orc explodes!
You feel a bit more experienced.
You hear an angry hiss.
Unknown command.
You're standing in a cloud of flame!
Okay, then.
You are engulfed in blazing flames.
You resist.
You are engulfed in blazing flames.
You resist.
* * * LOW HITPOINT WARNING * * *
Okay, then.
As you read the scroll of teleportation, it crumbles to dust.
You feel strangely unstable.
You are engulfed in blazing flames.
You resist.
* * * LOW HITPOINT WARNING * * *
It was a potion of magic.
Magic courses through your body.
You are engulfed in blazing flames.
You resist.
* * * LOW HITPOINT WARNING * * *
You are engulfed in poison gas.
You are lethally poisoned!
* * * LOW HITPOINT WARNING * * *
Your surroundings suddenly seem different.
Found a scroll of fog and a scroll of teleportation.
You die...

#☼# .. #.# #.
#°# .# .. # #§#
...###.##### ..
#§#
##.........#...
°°#
...............
°°##
#.............
☼.§
#....^@.?.?...
.☼.§
##########....
○○.☼§ .°°○.☼°


There were no monsters in sight!

Vanquished Creatures
  Pikel (D:4)
  Jeremiah (D:6)
  An orc warrior (D:5)
  An ogre (D:6)
  A phantom (D:5)
  Blork the orc (D:4)
  4 hounds
  A jelly (D:5)
  2 orc priests
  2 iguanas
  Natasha (thrice) (D:4)
  Robin (D:2)
  7 gnolls
  4 adders
  A worm (D:3)
  3 dart slugs
  10 orcs
  5 ball pythons
  9 bats
  4 endoplasms
  A giant cockroach (D:1)
  10 goblins
  11 hobgoblins
  2 jackals (D:3)
  3 quokkas
  7 frilled lizards
  14 kobolds
  2 rats
112 creatures vanquished.

Notes
Turn   | Place    | Note
-------+----------+-------------------------------------------
     0 | D:1      | IdlyInterested the Demonspawn Gladiator began the quest for
                  | the Orb.
     0 | D:1      | Reached XP level 1. HP: 16/16 MP: 1/1
    21 | D:1      | Found Nudey's Antique Weapon Emporium.
   309 | D:1      | Gained mutation: You regenerate magic rapidly. [demonic
                  | ancestry]
   309 | D:1      | Reached XP level 2. HP: 15/22 MP: 2/2
   565 | D:1      | Reached skill level 3 in Short Blades
   655 | D:1      | Reached skill level 1 in Armour
   711 | D:1      | Found Miege's Magic Scroll Shop.
  1007 | D:1      | Found a faded altar of an unknown god.
  1077 | D:2      | Reached skill level 1 in Stealth
  1077 | D:2      | Gained mutation: When hurt, damage is shared between your
                  | health and your magic reserves. [demonic ancestry]
  1077 | D:2      | Reached XP level 3. HP: 15/27 MP: 3/3
  1153 | D:2      | Found a sparkling altar of Nemelex Xobeh.
  1212 | D:2      | Noticed Robin
  1252 | D:1      | Bought a scroll of identify for 24 gold pieces
  1252 | D:1      | Bought a scroll of fog for 48 gold pieces
  1647 | D:2      | Reached XP level 4. HP: 29/33 MP: 4/4
  1716 | D:2      | Reached skill level 1 in Shields
  1785 | D:2      | Killed Robin
  1832 | D:2      | Identified the +1 leather armour of the Shining Light
                  | {MP+9}
  2011 | D:2      | You fall into a shaft and drop 1 floor!
  2058 | D:3      | Reached skill level 4 in Short Blades
  2058 | D:3      | Reached skill level 1 in Shapeshifting
  2080 | D:3      | Gained mutation: You have large cloven feet. [demonic
                  | ancestry]
  2080 | D:3      | Reached XP level 5. HP: 32/38 MP: 5/5
  2086 | D:3      | Reached skill level 1 in Evocations
  2287 | D:1      | Bought a scroll of teleportation for 36 gold pieces
  2979 | D:4      | Reached skill level 5 in Short Blades
  3229 | D:4      | Noticed Blork the orc
  3247 | D:4      | Killed Blork the orc
  3248 | D:4      | Reached skill level 1 in Invocations
  3248 | D:4      | Gained mutation: You are partially covered in yellow
                  | scales. (AC +2) [demonic ancestry]
  3248 | D:4      | Reached XP level 6. HP: 44/44 MP: 6/6
  3425 | D:4      | Noticed Natasha
  3428 | D:4      | Noticed Pikel
  3436 | D:4      | Killed Natasha
  3437 | D:4      | Reached skill level 1 in Spellcasting
  3479 | D:4      | Killed Pikel
  3480 | D:4      | Reached skill level 6 in Short Blades
  3480 | D:4      | Gained mutation: You regenerate a little health from kills.
                  | [demonic ancestry]
  3480 | D:4      | Reached XP level 7. HP: 28/50 MP: 8/8
  3590 | D:4      | Noticed Natasha
  3602 | D:4      | Killed Natasha
  3603 | D:4      | Reached skill level 7 in Short Blades
  3809 | D:4      | Noticed Natasha
  3816 | D:4      | Killed Natasha
  3834 | D:4      | Found a staircase to the Ecumenical Temple.
  3843 | Temple   | Entered the Ecumenical Temple
  3961 | D:1      | Bought a scroll of immolation for 48 gold pieces
  4072 | D:5      | Entered Level 5 of the Dungeon
  4241 | D:5      | Gained mutation: You regenerate health from kills. [demonic
                  | ancestry]
  4241 | D:5      | Reached XP level 8. HP: 44/56 MP: 9/9
  4986 | D:1      | Bought a scroll of poison for 48 gold pieces
  5090 | D:6      | Noticed Jeremiah
  5093 | D:6      | Killed Jeremiah
  5094 | D:6      | Reached skill level 8 in Short Blades
  5103 | D:6      | Succumbed to their own poison gas

Illustrated notes

Levels and vault maps discovered:
D:1:      minmay_arrival_open_corners, layout_loops_ring, serial_shops,
          shop_statue, nicolae_shop_statue_plus, shapermc_ecumenical_altar_petra
D:2:      layout_rooms, basic_altar, glass_columns_a, uniq_robin
D:3:      layout_rooms, st_stairs_2
D:4:      layout_basic, minmay_temple_entry_poolview, uniq_blork_the_orc,
          uniq_pikel, uniq_natasha
D:5:      layout_basic, serial_corexii_hall, chequers_hall_statues_wall_a,
          chequers_hall_statues_wall_a
D:6:      layout_rooms, dancing_weapons_uskayaw, gammafunk_ghost_necromancy,
          serial_shops, shop, uniq_jeremiah, uniq_sigmund
Temple:   nicolae_temple_bog_church

Skill      XL: |  1  2  3  4  5  6  7  8 |
---------------+-------------------------+-----
Throwing       | 2 |  2.0
Dodging        | 3 |  3.0
Short Blades   | 3 4 5 6 7 8 |  8.7
Armour         | 1 |  1.0
Stealth        | 1 |  1.0
Shields        | 1 2 3 4 |  4.0
Shapeshifting  | 1 |  1.0
Evocations     | 1 |  1.0
Invocations    | 1 |  1.0
Spellcasting   | 1 |  1.0
Fighting       | |  2.3

Action                     |  1- 3 |  4- 6 |  7- 9 || total
---------------------------+-------+-------+-------++-------
  Melee: Rapier            |    62 |       |       ||    62
         Dagger            |   120 |   201 |   145 ||   466
         Punch             |     1 |       |       ||     1
         Kick              |       |    35 |    50 ||    85
  Throw: Stone             |     7 |    10 |     7 ||    24
         Throwing net      |     1 |     1 |       ||     2
         Javelin           |       |     2 |     1 ||     3
  Evoke: Wand              |       |     1 |     2 ||     3
    Use: Scroll            |       |       |     9 ||     9
         Potion            |       |       |     1 ||     1
   Stab: Held in net/web   |     1 |     2 |       ||     3
         Sleeping          |       |     1 |     4 ||     5
 Armour: Ring mail         |    68 |     4 |       ||    72
         Scale mail        |     1 |    22 |       ||    23
         Leather armour    |       |    52 |    42 ||    94
  Dodge: Dodged            |    74 |    52 |    37 ||   163
  Block: Buckler           |    16 |    17 |    16 ||    49

Table legend: (Time is in decaauts)
 A = Elapsed time spent in this place.
 B = Non-inter-level travel time spent in this place.
 C = Inter-level travel time spent in this place.
 D = Time resting spent in this place.
 E = Time spent auto-exploring this place.
 F = Levels seen in this place.
 G = Mean time per level.
                   A        B        C        D        E       F      G
               +--------+--------+--------+--------+--------+-----+--------+
         Total |   4914 |   3841 |   1073 |    646 |   1893 |   7 |  702.0 |
       Dungeon |   4910 |   3839 |   1071 |    646 |   1893 |   6 |  818.3 |
        Temple |      4 |      3 |      1 |      0 |      0 |   1 |    4.0 |
               +--------+--------+--------+--------+--------+-----+--------+

Top non-repeatable levels by time:
     D:1: 1330 daAuts
     D:2: 1013 daAuts
     D:4: 993 daAuts
     D:3: 791 daAuts
     D:5: 766 daAuts
     D:6: 14 daAuts
  Temple: 4 daAuts
